 Dungeon Crawl Stone Soup version 0.22-a0-479-gc6e99f3 (webtiles) character file.

163 epen the Sneak (level 5, -10/39 HPs)
             Began as a Demonspawn Assassin on June 14, 2018.
             Mangled by a thrashing horror (11 damage)
             ... on level 3 of the Abyss.
             The game lasted 00:06:12 (2838 turns).

epen the Sneak (Demonspawn Assassin)                Turns: 2838, Time: 00:06:12

Health: -10/39     AC:  4    Str:  5 (7)  XL:     5   Next: 20%
Magic:  5/5        EV: 11    Int:  6 (8)  God:
Gold:   217        SH:  0    Dex: 15 (16) Spells: 4/4 levels left

rFire    . . .     SeeInvis .   x - +1 dagger (drain)
rCold    . . .     Gourm    .   (no shield)
rNeg     . . .     Faith    .   c - +0 robe
rPois    .         Spirit   .   (no helmet)
rElec    .         Reflect  .   d - +1 cloak
rCorr    .         Harm     .   (no gloves)
MR       .....                  (no boots)
Stlth    +++.......             (no amulet)
HPRegen  0.13/turn              (no ring)
MPRegen  0.09/turn              (no ring)

@: heavily drained
A: [dopey 2], nightstalker 1, [weak 2], rot immunity
a: no special abilities


You were on level 3 of the Abyss.
You were not hungry.

You visited 1 branch of the dungeon, and saw 3 of its levels.
You visited the Abyss 1 time.

You collected 217 gold pieces.

Inventory:

Hand Weapons
 a - a +2 dagger
 b - a +0 blowgun
 w - a +0 club
 x - a +1 dagger of draining (weapon)
Missiles
 e - 22 poisoned needles
 f - 2 curare-tipped needles
Armour
 c - a +0 robe (worn)
 d - a +1 cloak (worn)
 v - a +0 cloak
Wands
 o - a wand of iceblast (14)
Scrolls
 h - a scroll of amnesia {unknown}
 i - a scroll of enchant weapon {unknown}
 j - a scroll of enchant armour
 k - 5 scrolls of identify {unknown}
 m - a scroll of remove curse
 p - a scroll of random uselessness {unknown}
 q - a scroll of immolation {unknown}
 r - a scroll of magic mapping {unknown}
 t - a scroll of blinking {unknown}
Potions
 l - 2 potions of curing
 s - a potion of lignification {unknown}
 u - a potion of ambrosia {unknown}
Comestibles
 g - 5 rations


   Skills:
 + Level 2.7(1.5) Fighting
 * Level 3.2(2.0) Short Blades
 + Level 2.5(1.3) Throwing
 + Level 1.8(0.6) Dodging
 + Level 4.2(2.9) Stealth


You had 4 spell levels left.
You didn't know any spells.
Your spell library was empty.

Dungeon Overview and Level Annotations

Branches:
Dungeon (3/15)

Altars:
Hepliaklqana

Annotations:
D:3 KeeTraxx's ghost, amateur GnCK; Sigmund


Innate Abilities, Weirdness & Mutations

You are slightly more attuned to the shadows.
You are immune to rotting.
[You are very dopey. (Int -4)]
[You are very weak. (Str -4)]


Message History

The neqoxec hits you but does no damage.
The thrashing horror completely misses you.
The thrashing horror tramples you.
* * * LOW HITPOINT WARNING * * *
You hold your ground!
As you read the scroll labeled EWAFEFR JISOO, it crumbles to dust.
It is a scroll of enchant armour.
Your +0 cloak glows green for a moment.
The thrashing horror barely misses you.
The thrashing horror completely misses you.
The neqoxec hits you but does no damage.
As you read the scroll labeled ANIOTRU KEVIPRU, it crumbles to dust.
You feel blessed for a moment.
It was a scroll of remove curse.
A sun demon comes into view.
The neqoxec gestures at you.
You feel dopey. Something feeds on your intellect!
The wretched star pulses with an eldritch light!
You feel weaker. x2; You feel stupid. x2
The thrashing horror tramples you!
You die...

.. ..##
..###(..
#(#$...
#w#4.. #....
# #X3## #.
##@.#
#.#.###*#3##
#..v..v#...#
##...#.#.#.#
..##..#..#.3.
#..###v##...#
..#.# %#. ###
# #.. ##.# .#
# ##.#..###..


You could see a wretched star, a tyrant leech (wandering), a sun demon, a
thrashing horror, a smoke demon, a neqoxec, a chaos spawn and an insubstantial
wisp.

Vanquished Creatures
  Jessica (D:3)
  Crazy Yiuf (D:2)
  An orc wizard (D:3)
  2 adders (D:3)
  A leopard gecko (D:2)
  7 orcs (D:3)
  5 bats
  7 giant cockroaches
  5 hobgoblins
  4 jackals (D:3)
  A quokka (D:2)
  3 ball pythons
  3 frilled lizards
  6 goblins
  8 kobolds
  5 rats
60 creatures vanquished.

Notes
Turn   | Place    | Note
-------+----------+-------------------------------------------
     0 | D:1      | epen the Demonspawn Assassin began the quest for the Orb.
     0 | D:1      | Reached XP level 1. HP: 16/16 MP: 1/1
    30 | D:1      | Reached skill level 1 in Dodging
   251 | D:1      | Gained mutation: You are immune to rotting. [demonic ancestry]
   251 | D:1      | Reached XP level 2. HP: 21/22 MP: 2/2
  1002 | D:2      | Found a runed door.
  1086 | D:2      | Reached XP level 3. HP: 26/27 MP: 3/3
  1309 | D:2      | Found a hazy altar of Hepliaklqana.
  1542 | D:2      | Noticed Crazy Yiuf
  1546 | D:2      | Killed Crazy Yiuf
  1585 | D:3      | Reached skill level 4 in Stealth
  1590 | D:3      | Gained mutation: You are slightly more attuned to the shadows. [demonic ancestry]
  1590 | D:3      | Reached XP level 4. HP: 28/34 MP: 4/4
  2047 | D:3      | Noticed Jessica
  2053 | D:3      | Killed Jessica
  2105 | D:3      | Reached XP level 5. HP: 20/39 MP: 5/5
  2153 | D:3      | Noticed KeeTraxx's ghost (amateur GnCK)
  2438 | D:3      | Noticed Sigmund
  2464 | D:3      | Cast into level 2 of the Abyss (Sigmund)
  2583 | Abyss:2  | Noticed a small abomination
  2585 | Abyss:2  | Noticed a wretched star
  2607 | Abyss:3  | Noticed a thrashing horror
  2820 | Abyss:3  | Noticed a wretched star
  2824 | Abyss:3  | Noticed an insubstantial wisp
  2824 | Abyss:3  | Noticed a neqoxec
  2824 | Abyss:3  | Noticed an insubstantial wisp
  2831 | Abyss:3  | Noticed an insubstantial wisp
  2834 | Abyss:3  | Noticed a thrashing horror
  2834 | Abyss:3  | Noticed a neqoxec
  2834 | Abyss:3  | Noticed a smoke demon
  2834 | Abyss:3  | Noticed a chaos spawn
  2835 | Abyss:3  | Noticed a tyrant leech
  2836 | Abyss:3  | HP: 1/39 [thrashing horror (1)]
  2838 | Abyss:3  | Noticed a sun demon
  2838 | Abyss:3  | Mangled by a thrashing horror

Vault maps used:
D:1:      lightli_arrival_isolated_outpost, minmay_fountain_box
D:2:      nicolae_overflow_hidden_temple, uniq_crazy_yiuf_cottage
D:3:      corexii_shack_village, first_ration, corexii_corridor_pit,
          minmay_liquid_box, minmay_misc_feat_rows, uniq_grinder, uniq_jessica,
          uniq_sigmund
Abyss:3:  minivault_28

Skill      XL: |  1  2  3  4 |
---------------+-------------+-----
Dodging        | 1 |  1.8
Short Blades   | 2 3 |  3.2
Throwing       | 2 |  2.5
Stealth        | 4 |  4.2
Fighting       | |  2.7

Action                   |  1- 3 |  4- 6 || total
-------------------------+-------+-------++-------
Melee: Dagger            |    95 |    74 ||   169
  Use: Potion            |       |     2 ||     2
       Scroll            |       |     2 ||     2
 Stab: Sleeping          |     8 |     6 ||    14
  Eat: Chunk             |     2 |     3 ||     5
       Ration            |       |     1 ||     1
Armor: Robe              |    26 |    17 ||    43
Dodge: Dodged            |    60 |    36 ||    96

Table legend:
 A = Spawn XP
 B = Non-spawn XP
 C = Spawn XP percentage of total XP
 D = Spawn monster count
 E = Non-spawn monster count
 F = Spawn count percentage of total count
 G = Total turns spent on level
                    A         B        C        D         E        F      G
               +---------+---------+-------+---------+---------+-------+---------
         Total |       0 |     233 |   0.0 |       0 |      60 |   0.0 |  2838
               +---------+---------+-------+---------+---------+-------+---------
           D:1 |       0 |      25 |   0.0 |       0 |      17 |   0.0 |   736
           D:2 |       0 |      64 |   0.0 |       0 |      18 |   0.0 |   840
           D:3 |       0 |     144 |   0.0 |       0 |      25 |   0.0 |   888
               +---------+---------+-------+---------+---------+-------+---------
